 Dungeon Crawl Stone Soup version 0.26.0-18-gc5c842f807 (webtiles) character file.

Game seed: 10036774592542676268

180 Birungi the Magician (level 5, 0/28 HPs)
             Began as a Deep Elf Hedge Wizard on Jan 23, 2021.
             Slain by Terence
             ... wielding a +0 trident
              (6 damage)
             ... on level 2 of the Dungeon.
             The game lasted 00:11:13 (2898 turns).

Birungi the Magician (Deep Elf Hedge Wizard)        Turns: 2898, Time: 00:11:14

Health: 0/28       AC:  2    Str:  7    XL:     5   Next: 33%
Magic:  2/15       EV: 13    Int: 20    God:
Gold:   88         SH:  0    Dex: 14    Spells: 12/15 levels left

rFire    . . .     SeeInvis .   l - +0 short sword
rCold    . . .     Faith    .   (no shield)
rNeg     . . .     Spirit   .   j - +0 robe
rPois    .         Reflect  .   c - +0 hat
rElec    .         Harm     .   (no cloak)
rCorr    .         Rampage  .   (no gloves)
Will     .....                  (no boots)
Stlth    ++........             (no amulet)
HPRegen  0.09/turn              (no ring)
MPRegen  0.14/turn              (no ring)

@: no status effects
A: no striking features
a: no special abilities


You were on level 2 of the Dungeon.
You visited 1 branch of the dungeon, and saw 2 of its levels.

You collected 88 gold pieces.

Inventory:

Hand Weapons
 a - a +0 dagger
 l - a +0 short sword (weapon)
Armour
 b - a +0 robe
 c - a +0 hat (worn)
 j - a +0 robe (worn)
Jewellery
 i - an uncursed amulet of faith {unknown}
Scrolls
 e - 6 scrolls of identify {unknown}
 g - 3 scrolls of remove curse {unknown}
 k - a scroll of noise {unknown}
 o - a scroll of amnesia {unknown}
Potions
 d - a potion of ambrosia {unknown}
 f - a potion of attraction {unknown}
 h - a potion of berserk rage {unknown}
 m - a potion of lignification {unknown}
 n - a potion of might {unknown}


   Skills:
 - Level 2.4 Dodging
 - Level 2.4 Stealth
 + Level 5.9 Spellcasting
 + Level 3.3 Conjurations
 - Level 1.1 Summonings
 + Level 3.4 Translocations


You had 12 spell levels left.
You knew the following spells:

 Your Spells              Type           Power        Failure   Level
a - Magic Dart            Conj           76%          2%          1
b - Blink                 Tloc           N/A          3%          2

Your spell library contained the following spells:

 Spells                   Type           Power        Failure   Level
 Call Imp                 Summ           10%          10%         2
 Slow                     Hex            5%           16%         2
 Conjure Flame            Conj/Fire      12%          16%         3
 Mephitic Cloud           Conj/Pois/Air  10%          21%         3


Dungeon Overview and Level Annotations

Branches:
Dungeon (2/15)

Altars:

Annotations:
D:2 Terence


Message History

Confirm with . or Enter, or press ? or * to list all spells.
Aiming: Magic Dart (safe; 2% risk of failure)
Press: ? - help, Shift-Dir - straight line, f/p - Terence
Aim: Terence, wielding a +0 trident and wearing a +0 chain mail (almost dead, 0% to evade)
The magic dart hits Terence but does no damage.
Terence is almost dead.
Casting: Magic Dart (safe; 2% risk of failure)
Confirm with . or Enter, or press ? or * to list all spells.
You blink.
Terence closely misses you.
Casting: Blink (safe; 3% risk of failure)
Confirm with . or Enter, or press ? or * to list all spells.
You blink.
Terence closely misses you.
Terence hits you from afar with a +0 trident.
* * * LOW HITPOINT WARNING * * *
Casting: Blink (safe; 3% risk of failure)
Confirm with . or Enter, or press ? or * to list all spells.
You don't have enough magic to cast that spell.
Terence closely misses you.
Terence hits you from afar with a +0 trident.
You die...

.#
#####.####............#.####
.# #...#.<...[..#####.##.#.#
## #............# #.##.#.#
####...##.#.###.# #......#
#....#....#.# #.# ####.###
#...###...#.# #.# #....#
#..## ##..#.# #.# #.####
#.## ##.#.###.### #.# ##.##
##....#.@...# #.###
##.###.##.##.....# #.#.##
##.#..##.##.[@..# #....#
#..#....##.....# ###.##
#.#####.##.....# #.#
#.#####.######## #.#
#.......# #.# #######.###
#)# #.....# #.#


You could see Terence.

Vanquished Creatures
  A bullfrog (D:2)
  Jessica (D:2)
  An orc wizard (D:2)
  An adder (D:2)
  2 oozes (D:1)
  A dart slug (D:2)
  2 leopard geckos (D:1)
  2 orcs (D:2)
  4 bats (D:1)
  3 giant cockroaches (D:1)
  8 goblins
  4 hobgoblins
  2 quokkas (D:2)
  A frilled lizard (D:2)
  4 kobolds
  4 rats
41 creatures vanquished.

Notes
Turn   | Place    | Note
-------+----------+-------------------------------------------
     0 | D:1      | Birungi the Deep Elf Hedge Wizard began the quest for the
                  | Orb.
     0 | D:1      | Reached XP level 1. HP: 10/10 MP: 7/7
   298 | D:1      | Reached XP level 2. HP: 15/15 MP: 6/9
   914 | D:1      | Learned a level 2 spell: Blink
  1382 | D:1      | Reached skill level 5 in Spellcasting
  1382 | D:1      | Reached XP level 3. HP: 17/19 MP: 6/11
  2063 | D:2      | Noticed Jessica
  2068 | D:2      | Killed Jessica
  2069 | D:2      | Reached XP level 4. HP: 24/24 MP: 11/13
  2265 | D:2      | Noticed Terence
  2589 | D:2      | Noticed a bullfrog
  2596 | D:2      | Killed a bullfrog
  2597 | D:2      | Reached XP level 5. HP: 10/28 MP: 6/15
  2898 | D:2      | Slain by Terence

Illustrated notes

Levels and vault maps discovered:
D:1:      tarquinn_simple_flora_water_a, layout_rooms, due_unseen_surprise
D:2:      layout_loops_cross, uniq_terence, uniq_jessica

Skill      XL: |  1  2  3  4 |
---------------+-------------+-----
Translocations | 2 3 |  3.4
Conjurations   | 2 3 |  3.3
Spellcasting   | 5 |  5.9
Dodging        | |  2.4
Stealth        | |  2.4
Summonings     | |  1.1

Action                   |  1- 3 |  4- 6 || total
-------------------------+-------+-------++-------
Melee: Dagger            |     4 |       ||     4
       Short sword       |     5 |     2 ||     7
 Cast: Magic Dart        |    67 |    38 ||   105
       Blink             |    13 |     7 ||    20
 Stab: Sleeping          |     8 |       ||     8
Armor: Robe              |       |     3 ||     3
Dodge: Dodged            |     6 |    13 ||    19
